 Dungeon Crawl Stone Soup version 0.28-a0-1038-g9c4cb8273d (webtiles) character file.

Game seed: 11928479840595420352

99 siradein the Skirmisher (level 4, -2/43 HPs)
             Began as a Naga Fighter on Dec 9, 2021.
             Slain by an adder (3 damage)
             ... on level 3 of the Dungeon.
             The game lasted 00:05:43 (3064 turns).

siradein the Skirmisher (Naga Fighter)              Turns: 3064, Time: 00:05:44

Health: -2/43      AC:  5    Str: 18    XL:     4   Next: 72%
Magic:  4/4        EV:  7    Int:  8    God:
Gold:   137        SH:  4    Dex: 13    Spells: 3/3 levels left

rFire   . . .      SeeInvis +   a - +0 flail
rCold   + . .      Faith    .   c - +0 buckler
rNeg    . . .      Spirit   .   b - +0 scale mail
rPois   +          Reflect  .   (no helmet)
rElec   .          Harm     .   (no cloak)
rCorr   .          Rampage  .   (no gloves)
Will    .....                   (no barding)
Stlth   ..........              (no amulet)
HPRegen 0.14/turn               g - ring of protection from cold
MPRegen 0.09/turn               (no ring)

@: lethally poisoned (-2 -> -5), hasted, quick
A: AC +1, large, see invisible, deformed body, poison resistance, slowness 2,
spit poison 1, naga tail 1
a: Spit Poison


You were on level 3 of the Dungeon.
You visited 1 branch of the dungeon, and saw 3 of its levels.

You collected 137 gold pieces.

Inventory:

Hand Weapons
 a - a +0 flail (weapon)
Missiles
 i - 28 poisoned darts
Armour
 b - a +0 scale mail (worn)
 c - a +0 buckler (worn)
Jewellery
 g - a ring of protection from cold (left hand)
Scrolls
 e - a scroll of enchant weapon {unknown}
 f - 2 scrolls of magic mapping {unknown}
 h - 3 scrolls of identify {unknown}
 j - a scroll of teleportation {unknown}
 k - a scroll of noise {unknown}
Potions
 d - a potion of might
 l - a potion of haste


   Skills:
 + Level 3.6 Fighting
 + Level 3.0 Maces & Flails
 + Level 3.0 Armour
 + Level 3.0 Shields


You had 3 spell levels left.
You didn't know any spells.
Your spell library contained the following spells:

 Spells                   Type           Power      Damage    Failure   Level
 Passwall                 Tmut/Erth      0%         N/A       90%         2
 Swiftness                Air            0%         N/A       99%         3


Dungeon Overview and Level Annotations

Branches:
Dungeon (3/15)

Altars:


Innate Abilities, Weirdness & Mutations

Your serpentine skin is tough. (AC +1)
You have supernaturally acute eyesight. (SInv)
Armour fits poorly on your strangely shaped body.
Your system is resistant to poisons. (rPois)
You cover ground very slowly.
You can spit poison.
You have a snake-like lower body.


Message History

You are no longer poisoned.
You block the adder's attack. x2; The adder bites you but does no damage.
You thump the adder!
You kill the adder!
The adder closely misses you.
Your Maces & Flails skill increases to level 3!
You barely miss the adder. You block the adder's attack.
There is a stone staircase leading down here.
You block the adder's attack.
You closely miss the adder. The adder closely misses you.
You barely miss the adder. The adder closely misses you.
The adder completely misses you.
You barely miss the adder. The adder bites you but does no damage.
You miss the adder. You block the adder's attack.
You hit the adder.
The adder is lightly wounded.
You block the adder's attack.
You barely miss the adder.
The adder is lightly wounded.
The adder bites you but does no damage.
You closely miss the adder.
The adder is lightly wounded.
The adder barely misses you.
You thump the adder!
The adder is almost dead.
The adder bites you but does no damage.
You closely miss the adder.
The adder is almost dead.
You block the adder's attack.
You closely miss the adder.
The adder is almost dead.
The adder bites you.
* * * LOW HITPOINT WARNING * * *
You are lethally poisoned!
The adder poisons you!
You barely miss the adder.
The adder is almost dead.
* * * LOW HITPOINT WARNING * * *
You feel sick. The adder bites you.
You die...

.....######'###........##....(...
........# #.# #........##........
####....###.# #........##........
...#........###.##...#.##.#..####
...#.......#.........#.##.....#
...##.#....#.###.##..#..........
...##<####.#+##....#.############
...#..........####.#.# #...
..............#.@So..## #..#
..............#.####.#.#..#
..............#. #..>##))#
.......[......#. #.#o#.J#
.....##....##### #...J.## .....#
....# #####..## ...... ......
##..# ...... ...... #.#..#
##.#..#


You could see an adder and an orc.

Vanquished Creatures
  3 adders
  2 dart slugs
  An orc (D:3)
  3 ball pythons
  5 endoplasms
  4 giant cockroaches
  9 goblins
  6 hobgoblins
  10 kobolds
  2 quokkas
  6 bats
  6 frilled lizards
  10 rats
67 creatures vanquished.

Notes
Turn   | Place    | Note
-------+----------+-------------------------------------------
     0 | D:1      | siradein the Naga Fighter began the quest for the Orb.
     0 | D:1      | Reached XP level 1. HP: 21/21 MP: 1/1
   128 | D:1      | Found a faded altar of an unknown god.
   152 | D:1      | Reached XP level 2. HP: 26/28 MP: 2/2
   746 | D:1      | Reached XP level 3. HP: 28/34 MP: 3/3
  2190 | D:2      | Reached XP level 4. HP: 5/42 MP: 4/4
  3044 | D:3      | HP: 2/42 [poisoned by an adder]
  3063 | D:3      | HP: 2/43 [adder (2)]
  3064 | D:3      | Slain by an adder

Illustrated notes

Levels and vault maps discovered:
D:1:      minmay_arrival_radiant_lines, layout_loops_ring,
          chequers_ecumenical_altar_simple_redux, st_stairs_1
D:2:      cheibrodos_greedy_goblins, layout_basic, kennysheep_path_1,
          kennysheep_donut, nicolae_figureground_sparkle
D:3:      minmay_diamond_boxcup, layout_basic

Skill      XL: |  1  2  3  4 |
---------------+-------------+-----
Armour         | 3 |  3.0
Shields        | 3 |  3.0
Maces & Flails | 3 |  3.0
Fighting       | |  3.6

Action                   |  1- 3 |  4- 6 || total
-------------------------+-------+-------++-------
Melee: Flail             |   148 |    77 ||   225
 Abil: Spit Poison       |     2 |    11 ||    13
  Use: Potion            |       |     1 ||     1
Armor: Scale mail        |    75 |    35 ||   110
Dodge: Dodged            |    51 |    37 ||    88
Block: Buckler           |    33 |    24 ||    57

Table legend: (Time is in decaauts)
 A = Elapsed time spent in this place.
 B = Non-inter-level travel time spent in this place.
 C = Inter-level travel time spent in this place.
 D = Time resting spent in this place.
 E = Time spent auto-exploring this place.
 F = Levels seen in this place.
 G = Mean time per level.
                   A        B        C        D        E       F      G
               +--------+--------+--------+--------+--------+-----+--------+
         Total |   3772 |   3730 |     42 |      0 |   3186 |   3 | 1257.3 |
       Dungeon |   3772 |   3730 |     42 |      0 |   3186 |   3 | 1257.3 |
               +--------+--------+--------+--------+--------+-----+--------+

Top non-repeatable levels by time:
     D:2: 2228 daAuts
     D:1: 1150 daAuts
     D:3: 393 daAuts
